 Dungeon Crawl Stone Soup version 0.27-a0-1334-g2746e35aca (webtiles) character file.

Game seed: 4755262466276930499

92 Gwenloh the Caller (level 4, 0/32 HPs)
             Began as a Barachi Summoner on June 27, 2021.
             Slain by a gnoll (5 damage)
             ... on level 2 of the Dungeon.
             The game lasted 00:11:49 (4343 turns).

Gwenloh the Caller (Barachi Summoner)               Turns: 4343, Time: 00:11:49

Health: 0/32       AC:  3    Str: 10    XL:     4   Next: 60%
Magic:  16/16      EV: 11    Int: 15    God:
Gold:   147        SH:  0    Dex: 13    Spells: 2/8 levels left

rFire    + . .     SeeInvis .   o - +1 war axe (freeze)
rCold    . . .     Faith    .   (no shield)
rNeg     . . .     Spirit   .   l - +0 leather armour
rPois    .         Reflect  .   (no helmet)
rElec    .         Harm     .   (no cloak)
rCorr    .         Rampage  .   (no gloves)
Will     .....                  (no boots)
Stlth    ++........             (no amulet)
HPRegen  0.10/turn              n - ring of protection from fire
MPRegen  0.15/turn              r - ring of magical power

@: slow
A: amphibious, slowness 1, strong legs 1, +LOS
a: Hop


You were on level 2 of the Dungeon.
You visited 1 branch of the dungeon, and saw 3 of its levels.

You collected 147 gold pieces.

Inventory:

Hand Weapons
 c - a +0 club
 i - a +0 dagger
 o - a +1 war axe of freezing (weapon)
Missiles
 f - 4 boomerangs (quivered)
 s - a throwing net
Armour
 a - a +0 robe
 l - a +0 leather armour (worn)
Jewellery
 n - a ring of protection from fire (left hand)
 r - a ring of magical power (right hand)
Scrolls
 b - a scroll of magic mapping {unknown}
 d - a scroll of torment {unknown}
 e - a scroll of blinking {unknown}
 g - a scroll of immolation {unknown}
 h - a scroll of teleportation {unknown}
 m - a scroll of acquirement {unknown}
 p - a scroll of enchant armour {unknown}
Potions
 j - a potion of attraction {unknown}
 k - 2 potions of might {unknown}
 q - 2 potions of flight {unknown}


   Skills:
 - Level 1.6 Fighting
 + Level 1.3 Armour
 - Level 2.1 Dodging
 - Level 1.7 Stealth
 + Level 2.6 Spellcasting
 * Level 6.3 Summonings


You had 2 spell levels left.
You knew the following spells:

 Your Spells              Type           Power      Damage    Failure   Level
a - Summon Small Mammal   Summ           80%        N/A       1%          1
b - Call Imp              Summ           20%        N/A       3%          2
c - Call Canine Familiar  Summ           20%        N/A       6%          3

Your spell library contained the following spells:

 Spells                   Type           Power      Damage    Failure   Level
 Summon Guardian Golem    Hex/Summ       11%        N/A       22%         3
 Summon Ice Beast         Ice/Summ       11%        N/A       58%         4
 Summon Lightning Spire   Summ/Air       11%        N/A       58%         4


Dungeon Overview and Level Annotations

Branches:
Dungeon (3/15)

Altars:


Innate Abilities, Weirdness & Mutations

You are amphibious.
You cover ground slowly.
You can hop short distances.
You have an extended range of vision and can be seen from far away.


Message History

The gnoll hits you with a +0 spear! The gnoll barely misses you.
You climb upwards.
There is a stone staircase leading down here.
The gnoll hits you from afar with a +0 spear.
The gnoll closely misses you. The gnoll misses you.
The gnoll hits you with a +0 whip.
Casting: Summon Small Mammal (safe; 1% risk of failure)
Confirm with . or Enter, or press ? or * to list all spells.
The gnoll hits you from afar with a +0 spear.
The gnoll misses you.
You swap places.
Your quokka bites the gnoll but does no damage.
The gnoll barely misses your quokka.
Your quokka bites the gnoll.
The gnoll barely misses your quokka.
Your quokka completely misses the gnoll.
The gnoll misses your quokka.
Your quokka bites the gnoll.
What are your orders? t - Croak!
Orders for allies: a - Attack new target. r - Retreat! s - Stop attacking. g - Guard the area. f - Follow me.
Anything else - Cancel.
Gang up on whom?
Press: ? - help, Dir - move target, f - gnoll
Aim: a gnoll, wielding a +0 whip (lightly wounded) Attack!
Your quokka closely misses the gnoll.
The gnoll closely misses your quokka.
Your quokka bites the gnoll but does no damage.
The gnoll hits your quokka with a +0 whip.
Your quokka bites the gnoll.
Something hits your quokka.
Your quokka dies!
Your quokka's corpse disappears in a puff of smoke!
The gnoll hits you with a +0 whip!
* * * LOW HITPOINT WARNING * * *
The gnoll barely misses you.
You see here a +0 whip.
There is a stone staircase leading down here.
The gnoll hits you with a +0 whip.
You die...

..#.# ##.#.####.#.####.[#...
###.# ##.## #.........#..# ....#
#.# ###.#######..# ##### #.#
##'## #..# # #.# ##...## #... #
###.# ##.....## #... # ##.#.#
##.......## ###.
###########....###.........####..
...........#...g@'.........'.....
###########..g####.........####..
# #...## ##.......## ##. #...#
##.....## ## ## #...# ##...## #
.# ##.## ##'## # .# #.# #># # .#
#.# #.# # .# #.# ##.## #


You could see 2 gnolls.

Vanquished Creatures
  An orc wizard (D:3)
  A gnoll (D:2)
  An orc (D:3)
  5 endoplasms
  3 goblins
  5 hobgoblins
  A quokka (D:1)
  4 ball pythons
  2 bats
  2 frilled lizards (D:2)
  3 kobolds
  A rat (D:3)
29 creatures vanquished.

Vanquished Creatures (collateral kills)
  An adder (D:2)
  A gnoll (D:2)
  A dart slug (D:1)
  2 endoplasms (D:1)
  A goblin (D:1)
  A hobgoblin (D:1)
  4 jackals (D:1)
  2 kobolds (D:1)
  A ball python (D:1)
  A rat (D:1)
15 creatures vanquished.

Grand Total: 44 creatures vanquished

Notes
Turn   | Place    | Note
-------+----------+-------------------------------------------
     0 | D:1      | Gwenloh the Barachi Summoner began the quest for the Orb.
     0 | D:1      | Reached XP level 1. HP: 13/13 MP: 3/3
   280 | D:1      | Reached skill level 5 in Summonings
   583 | D:1      | Reached XP level 2. HP: 20/20 MP: 3/5
   588 | D:1      | Reached skill level 1 in Fighting
   741 | D:1      | Found a faded altar of an unknown god.
  1608 | D:1      | Reached XP level 3. HP: 14/26 MP: 4/6
  1611 | D:1      | Learned a level 2 spell: Call Imp
  1615 | D:1      | Learned a level 3 spell: Call Canine Familiar
  3491 | D:3      | Reached skill level 1 in Armour
  3491 | D:3      | Reached skill level 6 in Summonings
  3491 | D:3      | Reached XP level 4. HP: 31/32 MP: 3/7
  4343 | D:2      | Slain by a gnoll

Illustrated notes

Levels and vault maps discovered:
D:1:      heliophobic_arrival_enchanted_forest, layout_basic,
          shapermc_ecumenical_altar_venn
D:2:      layout_loops_corners
D:3:      layout_basic, amcnicky_altar_gilded, overflow_temple_1_default,
          ebering_ghost_reflecting_pool, lightli_sewer_entry_pipes,
          minmay_misc_feat_more_columns, uniq_sigmund, uniq_ijyb

Skill      XL: |  1  2  3 |
---------------+----------+-----
Summonings     | 5 6 |  6.3
Fighting       | 1 |  1.6
Armour         | 1 |  1.3
Dodging        | |  2.1
Stealth        | |  1.7
Spellcasting   | |  2.6

Action                   |  1- 3 |  4- 6 || total
-------------------------+-------+-------++-------
Melee: Club              |    51 |       ||    51
       Unarmed           |     6 |       ||     6
       Dagger            |    23 |       ||    23
       War axe           |    18 |    10 ||    28
Throw: Boomerang         |    25 |     5 ||    30
 Cast: Summon Small Mamm |    22 |     8 ||    30
       Call Imp          |     2 |     1 ||     3
       Call Canine Famil |     1 |       ||     1
 Abil: Hop               |     2 |       ||     2
 Stab: Distracted        |     1 |       ||     1
       Sleeping          |     1 |       ||     1
Armor: Robe              |    12 |       ||    12
       Leather armour    |    12 |     2 ||    14
Dodge: Dodged            |    88 |    15 ||   103

Table legend: (Time is in decaauts)
 A = Elapsed time spent in this place.
 B = Non-inter-level travel time spent in this place.
 C = Inter-level travel time spent in this place.
 D = Time resting spent in this place.
 E = Time spent auto-exploring this place.
 F = Levels seen in this place.
 G = Mean time per level.
                   A        B        C        D        E       F      G
               +--------+--------+--------+--------+--------+-----+--------+
         Total |   4678 |   4602 |     76 |   1468 |   2325 |   3 | 1559.3 |
       Dungeon |   4678 |   4602 |     76 |   1468 |   2325 |   3 | 1559.3 |
               +--------+--------+--------+--------+--------+-----+--------+

Top non-repeatable levels by time:
     D:2: 2507 daAuts
     D:1: 2057 daAuts
     D:3: 113 daAuts
